 Dungeon Crawl Stone Soup version 0.25-a0-10-g2fe12d4386 (webtiles) character file.

Game seed: 6853837972614551798, levelgen mode: deterministic

126 MrRokkomies the Slasher (level 4, -2/28 HPs)
             Began as a Vampire Gladiator on Oct 15, 2019.
             Killed from afar by an orc wizard (8 damage)
             ... with a puff of flame
             ... on level 3 of the Dungeon.
             The game lasted 00:02:52 (1424 turns).

MrRokkomies the Slasher (Vampire Gladiator)         Turns: 1424, Time: 00:02:53

Health: -2/28      AC:  9    Str: 16    XL:     4   Next: 83%
Magic:  4/4        EV: 12    Int: 11    God:
Gold:   107        SH:  0    Dex: 15    Spells: 3/3 levels left

rFire    . . .     SeeInvis +   a - +0 long sword
rCold    + + .     Gourm    .   (no shield)
rNeg     + + +     Faith    .   e - +0 ring mail (curse)
rPois    ∞         Spirit   .   c - +1 helmet
rElec    .         Reflect  .   (no cloak)
rCorr    .         Harm     .   i - +1 pair of gloves {Str+3}
MR       .....                  (no boots)
Stlth    ++++......             (no amulet)
HPRegen  0.00/turn              (no ring)
MPRegen  0.09/turn              (no ring)

@: bloodless, regenerating quickly, hasted, very quick
A: no food, fangs 3, see invisible, unbreathing
a: Bat Form, Revivify


You were on level 3 of the Dungeon.
You were bloodless.

You visited 1 branch of the dungeon, and saw 3 of its levels.

You collected 107 gold pieces.

Inventory:

Hand Weapons
 a - a +0 long sword (weapon)
Missiles
 d - 3 throwing nets (quivered)
 p - 51 sling bullets
Armour
 c - a +1 helmet (worn)
 e - a cursed +0 ring mail (worn)
 g - a +0 scale mail
 i - a +1 pair of gloves of strength (worn)
Magical Staves
 n - an uncursed staff of air
Scrolls
 m - a scroll of amnesia
Potions
 b - a potion of haste
 h - a potion of brilliance {unknown}
 j - a potion of might {unknown}
 k - a potion of lignification {unknown}


   Skills:
 * Level 3.2 Fighting
 * Level 4.2 Long Blades
 - Level 1.5 Throwing
 - Level 3.2 Dodging
 + Level 3.0 Stealth


You had 3 spell levels left.
You didn't know any spells.
Your spell library was empty.

Dungeon Overview and Level Annotations

Branches:
Dungeon (3/15)

Altars:


Innate Abilities, Weirdness & Mutations

You do not eat.
You do not regenerate when monsters are visible.
You are frail without blood (-20% HP).
You can heal yourself when you bite living creatures.
You are immune to poison.
You have razor-sharp teeth.
You have supernaturally acute eyesight. (SInv)
You can survive without breathing.


Message History

The bat completely misses you.
You closely miss the orc wizard.
The orc wizard is lightly wounded.
The bat misses you.
You riposte.
You hit the bat.
You kill the bat!
The orc wizard barely misses you.
You slash the orc wizard!
The orc wizard is severely wounded.
The orc wizard gestures at you while chanting.
You resist with some effort.
You hit the orc wizard.
The orc wizard is almost dead.
The orc wizard closely misses you.
You barely miss the orc wizard.
The orc wizard is almost dead.
You completely miss the orc wizard.
The orc wizard is almost dead.
The orc wizard gestures at you while chanting.
The puff of flame hits you!
You die...

.....#.#
.....#.#.################
.....#..........)....[...
..#........####...#######
..#........# #.).# ....
..#........# ##)##..... .
#......... #%)......
.......... #†#......
........o. #@#o.....
......o........o.#.....
.........+.....
.........# ....
.........# ....
.......... ..........
...........


You could see an orc wizard (invisible).

Vanquished Creatures
  2 orc wizards (D:3)
  2 adders (D:2)
  A worm (D:2)
  A dart slug (D:2)
  2 leopard geckos (D:3)
  4 orcs (D:3)
  7 bats
  2 giant cockroaches
  7 goblins
  3 hobgoblins
  2 frilled lizards
  5 kobolds
  6 rats
44 creatures vanquished.

Notes
Turn   | Place    | Note
-------+----------+-------------------------------------------
     0 | D:1      | MrRokkomies the Vampire Gladiator began the quest for the
                  | Orb.
     0 | D:1      | Reached XP level 1. HP: 16/16 MP: 1/1
   259 | D:1      | Reached skill level 1 in Stealth
   266 | D:1      | Reached XP level 2. HP: 17/17 MP: 2/2
   926 | D:2      | Reached XP level 3. HP: 21/22 MP: 3/3
  1390 | D:3      | Reached XP level 4. HP: 19/28 MP: 4/4
  1391 | D:3      | Reached skill level 4 in Long Blades
  1424 | D:3      | Killed from afar by an orc wizard

Levels and vault maps discovered:
D:1:      ncdulo_wetmaze, layout_loops_ring
D:2:      layout_basic, first_ration
D:3:      minmay_door_path, layout_basic, lemuel_coloured_pillars_altar,
          lemuel_tele_altar, uniq_terence

Skill      XL: |  1  2  3  4 |
---------------+-------------+-----
Fighting       | 2 3 |  3.2
Stealth        | 1 2 3 |  3.0
Long Blades    | 4 |  4.2
Throwing       | |  1.5
Dodging        | |  3.2

Action                   |  1- 3 |  4- 6 || total
-------------------------+-------+-------++-------
Melee: Long sword        |    90 |    24 ||   114
       Bite              |    14 |       ||    14
 Abil: Exsanguinate      |     1 |       ||     1
  Use: Scroll            |     5 |       ||     5
       Potion            |       |     1 ||     1
 Stab: Sleeping          |    13 |       ||    13
Armor: Leather armour    |     5 |       ||     5
       Ring mail         |    32 |     8 ||    40
Dodge: Dodged            |    60 |    23 ||    83
       Rpst.: Long sword |    20 |     8 ||    28

Table legend:
 A = Non-vault XP
 B = Vault XP
 C = Vault XP percentage of total XP
 D = Non-vault monster count
 E = Vault monster count
 F = Vault count percentage of total count
                 A         B        C        D         E       F
            +---------+---------+-------+---------+---------+-------
      Total |     180 |       0 |   0.0 |      44 |       0 |   0.0
            +---------+---------+-------+---------+---------+-------
        D:1 |      22 |       0 |   0.0 |      16 |       0 |   0.0
        D:2 |      57 |       0 |   0.0 |      18 |       0 |   0.0
        D:3 |     101 |       0 |   0.0 |      10 |       0 |   0.0
            +---------+---------+-------+---------+---------+-------
